 Dungeon Sprint DCSS version 0.22-a0-315-ge0921bb (webtiles) character file.

75 w00t the Ruffian (level 4, -9/45 HPs)
             Began as a Troll Skald on Apr 1, 2018.
             Was a Believer of the Shining One.
             Killed from afar by a steam dragon (24 damage)
             ... with a ball of steam
             ... in the Dungeon (Sprint IX: "|||||||||||||||||||||||||||||").
             The game lasted 00:02:06 (262 turns).

w00t the Ruffian (Troll Skald)                       Turns: 262, Time: 00:02:07

Health: -9/45      AC:  6    Str: 19    XL:     4   Next: 11%
Magic:  1/5        EV: 11    Int: 10    God:    the Shining One [**....]
Gold:   0          SH:  0    Dex:  9    Spells: 5/6 levels left

rFire    . . .     SeeInvis .     - Unarmed
rCold    . . .     Gourm    +   (no shield)
rNeg     + . .     Faith    .   a - +0 robe
rPois    .         Spirit   .   (helmet restricted)
rElec    .         Reflect  .   m - +0 cloak
rCorr    .         Harm     .   (gloves unavailable)
MR       .....     NoTele   +   (boots unavailable)
Stlth    +.........             (no amulet)
HPRegen  0.55/turn              (no ring)
MPRegen  0.09/turn              (no ring)

@: glowing
A: large, unfitting armour, claws 3, fast metabolism 3, gourmand, regeneration
1, shaggy fur 1, tough skin 2
a: Divine Shield, Renounce Religion


You were in the Dungeon.
You worshipped the Shining One.
The Shining One was pleased with you.
You were not hungry.

You visited 1 branch

Inventory:

Armour
 a - a +0 robe (worn)
 m - a +0 cloak (worn)
Magical Staves
 q - an uncursed staff of energy {+MP, hungerless spells, !d!a}
Jewellery
 o - a +3 ring of intelligence
 p - a +2 ring of evasion
Wands
 l - a wand of iceblast (10)
Scrolls
 i - 2 scrolls of blinking {!r}
 j - 3 scrolls of remove curse {@r2}
 k - 2 scrolls of amnesia
Potions
 b - a potion of invisibility
 d - 5 potions of curing {@q1}
 e - 3 potions of heal wounds {@q2}
 f - a potion of haste
 g - 4 potions of magic
 h - a potion of berserk rage {!q}
Comestibles
 c - 2 rations


   Skills:
 + Level 3.5 Fighting
 + Level 3.7 Dodging
 + Level 4.3 Unarmed Combat
 - Level 1.5 Spellcasting
 + Level 3.3 Charms


You had 5 spell levels left.
You knew the following spells:

 Your Spells              Type           Power        Failure   Level  Hunger
i - Infusion              Chrm           #...         9%          1    ##.....


Dungeon Overview and Level Annotations

Branches:
Dungeon (1/1)

Altars:
Cheibriados
Dithmenos
Elyvilon
Fedhas
Gozag
Hepliaklqana
Kikubaaqudgha
Makhleb
Nemelex Xobeh
Okawaru
Qazlal
Ru
Sif Muna
Trog
Uskayaw
Vehumet
Wu Jian
Xom
Yredelemnul
Zin
The Shining One
Beogh
Jiyva
Lugonu


Innate Abilities, Weirdness & Mutations

You are too large for most types of armour.
You have claws for hands.
Your metabolism is lightning-fast.
You like to eat raw meat.
Your natural rate of healing is unusually fast.
You are covered in fur. (AC +1)
You have very tough skin. (AC +2)


Message History

The steam dragon claws you but does no damage.
The orc wizard gestures wildly while chanting.
The orc wizard blinks!
You see here a +1 scale mail.
The steam dragon breathes steam at you. The ball of steam misses you.
You are engulfed in a cloud of scalding steam.
* * * LOW HITPOINT WARNING * * *
You are no longer magically infusing your attacks.
Items here: ))))))
You are engulfed in a cloud of scalding steam.
* * * LOW HITPOINT WARNING * * *
You see here a +0 cloak.
You are engulfed in a cloud of scalding steam.
You are engulfed in a cloud of scalding steam.
* * * LOW HITPOINT WARNING * * *
The steam dragon breathes steam at you. The ball of steam hits you!
Ouch! That really hurt!
You die... ▓▓▓▓▓▓▓▓▓▓▓▓▓▓▓▓▓▓▓▓▓▓▓▓▓▓▓▓▓▓▓▓▓ ...§..'..h.c)D§§@________________ ▓▓▓▓▓▓▓▓▓▓▓▓▓▓▓▓▓▓▓▓▓▓▓▓▓▓▓▓▓▓▓▓▓

There were no monsters in sight!

Vanquished Creatures
  A crimson imp (D)
  A worker ant (D)
  An adder (D)
  A bat skeleton (D)
  A bat zombie (D)
  2 jackals (D)
  A kobold (D)
  A quokka (D)
  2 bats (D)
  A giant cockroach zombie (D)
12 creatures vanquished.

Notes
Turn   | Place    | Note
-------+----------+-------------------------------------------
     0 | D        | w00t the Troll Skald began the quest for the Orb.
     0 | D        | Reached XP level 1. HP: 19/19 MP: 1/1
    60 | D        | Noticed a worker ant
    64 | D        | Killed a worker ant
    64 | D        | Reached skill level 3 in Unarmed Combat
    64 | D        | Reached XP level 2. HP: 29/29 MP: 0/3
    68 | D        | Reached XP level 3. HP: 33/36 MP: 0/4
   140 | D        | Found a roughly hewn altar of Beogh.
   140 | D        | Found a snail-covered altar of Cheibriados.
   140 | D        | Found a shadowy altar of Dithmenos.
   140 | D        | Found a white marble altar of Elyvilon.
   140 | D        | Found a blossoming altar of Fedhas.
   140 | D        | Found an opulent altar of Gozag.
   141 | D        | Found a hazy altar of Hepliaklqana.
   142 | D        | Found a viscous altar of Jiyva.
   143 | D        | Found an ancient bone altar of Kikubaaqudgha.
   144 | D        | Found a corrupted altar of Lugonu.
   145 | D        | Found a burning altar of Makhleb.
   146 | D        | Found a sparkling altar of Nemelex Xobeh.
   147 | D        | Found an iron altar of Okawaru.
   148 | D        | Found a stormy altar of Qazlal.
   149 | D        | Found a sacrificial altar of Ru.
   150 | D        | Found a deep blue altar of Sif Muna.
   151 | D        | Found a bloodstained altar of Trog.
   152 | D        | Found a hide-covered altar of Uskayaw.
   153 | D        | Found a radiant altar of Vehumet.
   154 | D        | Found an ornate altar of the Wu Jian Council.
   155 | D        | Found a shimmering altar of Xom.
   156 | D        | Found a basalt altar of Yredelemnul.
   157 | D        | Found a glowing silver altar of Zin.
   158 | D        | Found a glowing golden altar of the Shining One.
   227 | D        | Became a worshipper of the Shining One
   238 | D        | Noticed a black bear
   238 | D        | Noticed a centaur
   238 | D        | Reached * piety under the Shining One
   238 | D        | Noticed a steam dragon
   245 | D        | Reached ** piety under the Shining One
   245 | D        | Reached skill level 4 in Unarmed Combat
   247 | D        | Reached XP level 4. HP: 45/45 MP: 0/5
   262 | D        | Killed from afar by a steam dragon

Vault maps used:
D:        linesprint

Skill      XL: |  1  2  3 |
---------------+----------+-----
Dodging        | 3 |  3.7
Fighting       | 2 3 |  3.5
Unarmed Combat | 3 4 |  4.3
Charms         | 3 |  3.3
Spellcasting   | |  1.5

Action                   |  1- 3 |  4- 6 || total
-------------------------+-------+-------++-------
Melee: Unarmed           |    42 |     6 ||    48
 Cast: Infusion          |     2 |       ||     2
  Eat: Chunk             |     3 |       ||     3
Armor: Robe              |    19 |     4 ||    23
Dodge: Dodged            |    31 |     4 ||    35

Table legend:
 A = Spawn XP
 B = Non-spawn XP
 C = Spawn XP percentage of total XP
 D = Spawn monster count
 E = Non-spawn monster count
 F = Spawn count percentage of total count
 G = Total turns spent on level
                    A         B        C        D         E        F      G
               +---------+---------+-------+---------+---------+-------+---------
         Total |       0 |     108 |   0.0 |       0 |      12 |   0.0 |   262
               +---------+---------+-------+---------+---------+-------+---------
             D |       0 |     108 |   0.0 |       0 |      12 |   0.0 |   262
               +---------+---------+-------+---------+---------+-------+---------
